 Dungeon Crawl Stone Soup version 0.31.0-12-g77e489cdc1 (webtiles) character file.

Game seed: 14810173565162310684

184 hawla the Firebug (level 5, -1/43 HPs)
             Began as a Deep Elf Fire Elementalist on Feb 17, 2024.
             Slain by a lemure (3 damage)
             ... led by Pikel
             ... on level 4 of the Dungeon.
             The game lasted 00:05:33 (2891 turns).

hawla the Firebug (Deep Elf Fire Elementalist)      Turns: 2891, Time: 00:05:34

Health: -1/43      AC: 22    Str:  5    XL:     5   Next: 36%
Magic:  2/13       EV:  2    Int: 22    God:
Gold:   189        SH:  0    Dex: 15    Spells: 5/12 levels left

rFire   + . .        i - +4 quarterstaff (chaos)
rCold   + . .        (shield currently unavailable)
rNeg    . . .        a - melded +1 robe
rPois   +            (helmet currently unavailable)
rElec   +            j - melded +0 cloak
rCorr   +            (gloves currently unavailable)
SInv    .            (boots currently unavailable)
Will    .....        (no amulet)
Stlth   ++           (no ring)
HPRegen 0.27/turn    (no ring)
MPRegen 0.13/turn

%: no passive effects
@: tree-form, resistant, very slightly contaminated
A: stationary, stasis, torment immunity, boosted hp
a: no special abilities


You were on level 4 of the Dungeon.
You were a tree.
You visited 1 branch of the dungeon, and saw 4 of its levels.

You collected 189 gold pieces.

Inventory:

Hand Weapons
 i - a +4 quarterstaff of chaos (weapon)
Armour
 a - a +1 robe (melded)
 j - a +0 cloak (melded)
Jewellery
 g - an amulet of regeneration
Potions
 b - a potion of magic
 d - a potion of resistance
 e - 2 potions of curing
 f - a potion of invisibility {unknown}
 h - a potion of heal wounds {unknown}
 k - a potion of berserk rage {unknown}
 l - a potion of haste {unknown}


   Skills:
 - Level 1.0 Fighting
 - Level 2.4 Dodging
 - Level 3.0 Stealth
 - Level 4.0 Spellcasting
 - Level 3.0 Conjurations
 + Level 5.1 Fire Magic


You had 5 spell levels left.
You knew the following spells:

 Your Spells              Type           Power      Damage    Failure   Level
a - Foxfire               Conj/Fire      88%        2x1d8     1%          1
b - Scorch                Fire           54%        2d7       1%          2
c - Flame Wave            Conj/Fire      22%        2d8       21%         4

Your spell library contained the following spells:

 Spells                   Type           Power      Damage    Failure   Level
 Inner Flame              Hex/Fire       15%        N/A       12%         3
 Volatile Blastmotes      Fire/Tloc      30%        2d12      12%         3


Dungeon Overview and Level Annotations

Branches:
Dungeon (4/15)
 Temple: D:4-7

Altars:
Gozag
Trog

Annotations:
D:4 Pikel


Message History

You hear an angry hiss.
Pikel says, "You'll feel the lick of my whip!"
Pikel hits you with a +1 whip of flaming.
* * * LOW HITPOINT WARNING * * *
Pikel burns you.
* * * LOW HITPOINT WARNING * * *
Unknown command.
You aren't carrying any scrolls.
You turn into a tree.
Your +0 cloak melds into your body.
Your +1 robe melds into your body.
Your roots penetrate the ground.
The lemure hits you but does no damage.
Pikel hits you with a +1 whip of flaming.
* * * LOW HITPOINT WARNING * * *
Pikel burns you.
* * * LOW HITPOINT WARNING * * *
The lemure hits you but does no damage.
It was a potion of curing.
You feel better. The lemure hits you but does no damage.
Pikel barely misses you. The lemure hits you.
* * * LOW HITPOINT WARNING * * *
It was a potion of resistance.
You feel protected.
The lemure hits you but does no damage. x2; Pikel hits you but does no damage.
The lemure hits you but does no damage.
You hit Pikel.
Pikel is poisoned.
Pikel is severely wounded.
The lemure hits you but does no damage. The lemure hits you.
* * * LOW HITPOINT WARNING * * *
Pikel hits you but does no damage. The lemure hits you.
* * * LOW HITPOINT WARNING * * *
You barely miss Pikel.
Pikel is severely wounded.
Pikel completely misses you.
The lemure hits you but does no damage. x2
The lemure barely misses you. The lemure hits you but does no damage.
Pikel hits you but does no damage.
The lemure hits you but does no damage. x2
Casting: Flame Wave (quite dangerous; 21% risk of failure)
Confirm with . or Enter, or press ? or * to list all spells.
Flames lash the lemure but do no damage.
The lemure barely misses you. The lemure hits you.
You die...

.#### #........ ...
#......... ... #..#
#...# ..# #####..# #...#
...#
####......###...###...##
........................
...........(...55K......
.......#........♣55.....
......##..###...###...##
...#..##..# #...# .#
..##.###..###...###..
###<.# #.............
#.#.# #.............
#..#...#..............
#.####....###...###...
.# ##...# #...# ...


You could see Pikel (very poisoned) and 4 lemures.

Vanquished Creatures
  A howler monkey (D:3)
  Crazy Yiuf (D:2)
  7 adders
  2 dart slugs
  A ribbon worm (D:3)
  2 orcs (D:3)
  2 endoplasms (D:2)
  4 giant cockroaches
  8 goblins
  2 hobgoblins (D:2)
  6 quokkas
  2 ball pythons (D:1)
  A frilled lizard (D:1)
  4 kobolds
  4 rats
47 creatures vanquished.

Vanquished Creatures (others)
  87 foxfires
87 creatures vanquished.

Grand Total: 134 creatures vanquished

Notes
Turn   | Place    | Note
-------+----------+-------------------------------------------
     0 | D:1      | hawla the Deep Elf Fire Elementalist began the quest for
                  | the Orb.
     0 | D:1      | Reached XP level 1. HP: 10/10 MP: 6/6
     3 | D:1      | Found an opulent altar of Gozag.
   129 | D:1      | Reached skill level 1 in Fighting
   161 | D:1      | You fall into a shaft and drop 1 floor!
   270 | D:2      | Reached XP level 2. HP: 16/16 MP: 5/8
   404 | D:1      | Learned a level 2 spell: Scorch
  1131 | D:2      | Found a runed translucent door.
  1132 | D:2      | Noticed Crazy Yiuf
  1206 | D:2      | Reached XP level 3. HP: 16/20 MP: 5/9
  1849 | D:2      | Killed Crazy Yiuf
  1850 | D:2      | Reached XP level 4. HP: 11/25 MP: 0/12
  1856 | D:2      | Learned a level 4 spell: Flame Wave
  2013 | D:3      | Reached skill level 4 in Fire Magic
  2073 | D:3      | Reached XP level 5. HP: 10/29 MP: 10/13
  2073 | D:3      | Identified the +0 sling of Cataclysm {flame, Will+ Dex+4}
  2542 | D:3      | Reached skill level 5 in Fire Magic
  2591 | D:3      | Found a bloodstained altar of Trog.
  2721 | D:3      | Identified the +4 short sword of Mifre {distort, rElec
                  | Dex-5 Stlth+}
  2879 | D:4      | Noticed a lemure
  2880 | D:4      | Noticed Pikel
  2880 | D:4      | Noticed a lemure
  2880 | D:4      | Noticed a lemure
  2880 | D:4      | Noticed a lemure
  2889 | D:4      | HP: 1/43 [lemure[Pikel] (3)]
  2891 | D:4      | Slain by a lemure

Illustrated notes

Levels and vault maps discovered:
D:1:      sevenhm_arrival_forest_fort_small_6, layout_loops_ring, minivault_4,
          nrook_mini_vaults
D:2:      layout_basic, uniq_crazy_yiuf_cottage
D:3:      layout_basic, trog_three_pillars_becter, minmay_quantized
D:4:      layout_cave_pods, kennysheep_boxes, uniq_pikel

Skill      XL: |  1  2  3  4  5 |
---------------+----------------+-----
Fighting       | 1 |  1.0
Stealth        | 3 |  3.0
Conjurations   | 2 3 |  3.0
Spellcasting   | 4 |  4.0
Fire Magic     | 4 5 |  5.1
Dodging        | |  2.4

Action                     |  1- 3 |  4- 6 || total
---------------------------+-------+-------++-------
  Melee: Unarmed           |     3 |       ||     3
         Quarterstaff      |       |    24 ||    24
   Cast: Foxfire           |    41 |    10 ||    51
         Scorch            |     7 |     8 ||    15
         Flame Wave        |       |     1 ||     1
    Use: Scroll            |     4 |     2 ||     6
         Potion            |       |     3 ||     3
   Stab: Confused          |       |     1 ||     1
         Sleeping          |       |     1 ||     1
         Distracted        |       |     1 ||     1
 Armour: Robe              |     7 |    21 ||    28
         Skin              |       |    20 ||    20
  Dodge: Dodged            |     9 |    28 ||    37
